AoeStats
← FrAnKsnBeAnS670

Arabian Desert

510670648Analyzed
1v1 RM · 23h ago on Oct 2, 2026· 43m 5s· 2 players
Game mode
Random Map
Map size
Tiny (2 player)
Population
200
Speed
Normal
Resources
Standard
Victory
Conquest
Starting age
Dark Age
Ending age
Imperial Age
RankedLock teamsTeams togetherTeam positionsShared explorationLock speedFull tech treeHidden civsTurbo modeCheats
Victory
Defeat
🇺🇸 Saxons · United States
216
+15
🇨🇳 Portuguese · China
202
-15
上官皇甫
0:53 Loom
15:14 Feudal Age
15:52 Horse Collar
16:02 Double-Bit Axe
17:11 Gold Mining
21:56 Stone Mining
28:54 Castle Age
29:50 Heavy Plow
30:04 Bow Saw
31:16 Stone Shaft Mining
40:36 Imperial Age
42:34 Chemistry
42:56 Two-Man Saw
FrAnKsnBeAnS670
0:28 Loom
12:02 Feudal Age
12:33 Town Watch
16:25 Double-Bit Axe
23:44 Castle Age
23:21 Wheelbarrow
22:29 Horse Collar
23:00 Gold Mining
23:05 Stone Mining
23:48 Bloodlines
23:48 Fletching
24:19 Padded Archer Armor
25:53 Bow Saw
26:53 Heavy Plow
27:36 Gold Shaft Mining
27:59 Crossbowman
28:48 Thumb Ring
28:55 Husbandry
28:22 Light Cavalry
29:24 Squires
29:17 Gambesons
30:06 Pikeman
30:56 Arson
31:28 Forging
31:19 Scale Mail Armor
31:29 Scale Barding Armor
33:12 Hand Cart
39:58 Imperial Age
37:37 Bodkin Arrow
37:59 Leather Archer Armor
41:00 Ballistics
41:10 Conscription
40:17 Halberdier
Connection lost

Rejoining the realm…

Still unreachable

The connection could not be restored.

Session expired

The server has moved on; the page needs a fresh start.